 Dungeon Crawl Stone Soup version 0.17-a0-1850-g688e747 (webtiles) character file.

716 kae the Poker (level 7, -2/62 HPs)
             Began as a Naga Fighter on Sept 19, 2015.
             Was a Believer of Cheibriados.
             Slain by an ogre
             ... wielding a +0 giant club
              (15 damage)
             ... on level 5 of the Dungeon.
             The game lasted 00:06:14 (5473 turns).

kae the Poker (Naga Fighter)                        Turns: 5473, Time: 00:06:14

Health: -2/62      AC:  6    Str: 23    XL:     7   Next: 69%
Magic:  16/16      EV:  6    Int: 14    God:    Cheibriados [**....]
Gold:   238        SH: 10    Dex: 17    Spells: 0 memorised, 6 levels left

rFire  . . .     SeeInvis +     a - +0 trident
rCold  . . .     Clarity  .     b - +0 scale mail
rNeg   . . .     SustAt   .     c - +0 shield
rPois  +         Gourm    .     (no helmet)
rElec  .         Spirit   .     (no cloak)
rCorr  +         Warding  .     (no gloves)
rMut   .         Stasis   .     (no barding)
MR     .....                    l - amulet of resist corrosion
Stlth  ..........               (no ring)
                                g - ring of magical power

@: short of breath, very slow, not resistant to hostile enchantments, extremely
unstealthy
A: see invisible, deformed body, poison resistance, slowness 2, slow metabolism
1, spit poison 2, AC +2
a: Spit Poison, Bend Time, Renounce Religion


You were on level 5 of the Dungeon.
You worshipped Cheibriados.
Cheibriados was pleased with you.
You were not hungry.

You visited 1 branch of the dungeon, and saw 5 of its levels.

You collected 238 gold pieces.

Inventory:

Hand weapons
 a - a +0 trident (weapon)
Armour
 b - a +0 scale mail (worn)
 c - a +0 shield (worn)
Jewellery
 g - a ring of magical power (left hand)
 l - an amulet of resist corrosion (around neck)
 p - a cursed ring of teleportation {unknown}
Magical devices
 j - a wand of disintegration (9)
Scrolls
 f - a scroll of teleportation
 h - 4 scrolls of identify
 i - a scroll of remove curse
 n - a scroll of noise {unknown}
 o - a scroll of fog
 s - a scroll of magic mapping
 v - a scroll of blinking
 w - a scroll of amnesia {unknown}
Potions
 d - a potion of might
 e - a potion of agility {unknown}
 q - 2 potions of brilliance
 r - 3 potions of curing {unknown}
 t - a potion of degeneration {unknown}
 u - a potion of cancellation {unknown}
Comestibles
 k - 7 fruits
 m - 3 meat rations
 x - 2 chunks of flesh
 z - 4 bread rations


   Skills:
 - Level 3.5 Fighting
 + Level 7.2 Polearms
 - Level 3.1 Armour
 - Level 1.0 Dodging
 - Level 3.1 Shields


You had 6 spell levels left.
You didn't know any spells.

Dungeon Overview and Level Annotations

Branches:
Dungeon (5/15)
 Temple: D:4-7

Altars:
Cheibriados
Dithmenos
Kikubaaqudgha
Trog
Vehumet


Innate Abilities, Weirdness & Mutations

You cannot wear boots.
Your serpentine skin is tough (AC +2).
You have supernaturally acute eyesight.
Armour fits poorly on your strangely shaped body.
Your system is resistant to poisons.
You cover ground very slowly.
You have a slow metabolism.
You can spit poison.


Message History

You feel slightly more hungry.
You have got your breath back.
Items here: )) ÷ † a spear; a halberd; a gnoll corpse; a gnoll skeleton You hit the ogre.
The ogre is heavily wounded.
The ogre hits you with a giant club!
You hit the ogre.
The ogre is severely wounded.
The ogre hits you with a giant club!!
Use which ability?
Press: ? - help, Shift-Dir - straight line, f/p - ogre
Aim: an ogre, wielding a giant club (severely wounded)
The splash of poison misses the ogre.
You feel slightly more hungry. The ogre hits you with a giant club!
* * * LOW HITPOINT WARNING * * *
You hit the ogre.
The ogre is almost dead.
The ogre hits you with a giant club!
You die...

.........#####.########
####.....#......##.....
##...#.....>....####
#...........####
#.###......## #.# ##...#.#
#.# #..##.#
...#######.####..##.########
#......[.O@....#...#.......
......###.####.###.##.######
#...# ##.###.## ##.......#
... .........###.##.###.## #
.##.......#.....##...#
#######.............
#....#..#.....
#..#....#.....
##...#.#.#..<.


You could see an ogre.

Vanquished Creatures
  Menkaure (D:4)
  An ogre (D:4)
  An orc priest (D:4)
  5 orc wizards
  4 worker ants (D:4)
  A worker ant zombie (D:5)
  4 gnolls (D:5)
  7 adders
  A shadow imp (D:5)
  2 oozes (D:2)
  An adder skeleton (D:4)
  4 worms
  14 orcs
  A ball python (D:3)
  8 bats
  2 giant cockroaches
  9 goblins
  9 hobgoblins
  5 jackals
  3 quokkas
  5 giant geckos
  5 giant newts
  A jackal skeleton (D:5)
  7 kobolds
  5 rats
106 creatures vanquished.

Notes
Turn   | Place    | Note
--------------------------------------------------------------
     0 | D:1      | kae the Naga Fighter began the quest for the Orb.
     0 | D:1      | Reached XP level 1. HP: 21/21 MP: 1/1
   139 | D:1      | Reached XP level 2. HP: 18/28 MP: 2/2
   656 | D:1      | Reached XP level 3. HP: 34/34 MP: 3/3
  1369 | D:2      | Reached XP level 4. HP: 40/42 MP: 4/4
  1834 | D:2      | Found a shadowy altar of Dithmenos.
  1834 | D:2      | Found a radiant altar of Vehumet.
  1889 | D:2      | Found an ancient bone altar of Kikubaaqudgha.
  1890 | D:2      | Found a snail-covered altar of Cheibriados.
  2282 | D:3      | Reached skill level 1 in Dodging
  2282 | D:3      | Reached XP level 5. HP: 35/49 MP: 5/5
  2444 | D:2      | Found a bloodstained altar of Trog.
  2456 | D:2      | Became a worshipper of Cheibriados the Contemplative
  2757 | D:3      | HP: 2/49 [orc (2)]
  3784 | D:3      | Acquired Cheibriados's first power
  3784 | D:3      | Reached skill level 4 in Polearms
  3915 | D:4      | Reached XP level 6. HP: 18/56 MP: 6/6
  4245 | D:4      | Noticed an ogre
  4253 | D:4      | Killed an ogre
  4253 | D:4      | Reached skill level 5 in Polearms
  4637 | D:4      | Reached XP level 7. HP: 54/62 MP: 7/7
  4640 | D:4      | Reached skill level 6 in Polearms
  4857 | D:4      | Found a bloodstained altar of Trog.
  5032 | D:4      | Noticed Menkaure
  5038 | D:4      | Killed Menkaure
  5038 | D:4      | Reached skill level 7 in Polearms
  5281 | D:5      | Entered Level 5 of the Dungeon
  5473 | D:5      | Slain by an ogre

Vault maps used:
D:1:      minmay_arrival_plants_in_alcoves
D:2:      nicolae_overflow_hidden_temple, kennysheep_another_room
D:4:      first_bread, hangedman_abyss_or_decor_slice, trog_book, uniq_menkaure
D:5:      lemuel_doored_altar

Action                   |  1- 3 |  4- 6 |  7- 9 || total
-------------------------+-------+-------+-------++-------
Melee: Trident           |   159 |   305 |    79 ||   543
 Abil: Spit Poison       |       |     9 |     6 ||    15
  Use: Scroll            |       |     7 |     1 ||     8
       Potion            |       |     2 |     1 ||     3
 Stab: Distracted        |       |     1 |       ||     1
  Eat: Chunk             |     1 |     6 |     1 ||     8
       Bread ration      |       |     1 |       ||     1
